AoeStats
← Gregory176144

Arabia

510370858Analyzed
1v1 RM · 2d ago on Sep 30, 2026· 35m 1s· 2 players
Game mode
Random Map
Map size
Tiny (2 player)
Population
200
Speed
Normal
Resources
Standard
Victory
Conquest
Starting age
Dark Age
Ending age
Imperial Age
RankedLock teamsTeams togetherTeam positionsShared explorationLock speedFull tech treeHidden civsTurbo modeCheats
Victory
Defeat
🇦🇷 Burgundians · Argentina
1374
+15
🇦🇷 Persians · Argentina
1360
-15
stefierro
5:40 Loom
9:06 Feudal Age
9:40 Double-Bit Axe
10:14 Horse Collar
15:30 Wheelbarrow
19:16 Castle Age
18:25 Bloodlines
18:41 Gold Mining
19:02 Scale Barding Armor
19:38 Forging
19:56 Bow Saw
19:55 Heavy Plow
21:26 Chain Barding Armor
23:48 Iron Casting
24:09 Husbandry
25:25 Stone Mining
26:26 Gold Shaft Mining
28:42 Stone Shaft Mining
29:23 Coinage
29:24 Hand Cart
29:34 Fletching
31:51 Bodkin Arrow
32:51 Pikeman
32:53 Man-at-Arms
33:18 Gambesons
35:31 Parthian Tactics
35:12 Thumb Ring
Gregory176144
3:32 Double-Bit Axe
8:50 Feudal Age
9:13 Horse Collar
10:25 Bow Saw
12:42 Heavy Plow
13:14 Gold Mining
14:32 Wheelbarrow
17:47 Castle Age
17:13 Gold Shaft Mining
19:30 Two-Man Saw
19:05 Stone Mining
20:04 Hand Cart
20:53 Stone Shaft Mining
24:19 Loom
24:49 Squires
28:15 Scale Mail Armor
28:02 Arson
28:42 Forging
29:13 Chain Mail Armor
29:02 Town Watch
30:50 Iron Casting
34:52 Imperial Age
Connection lost

Rejoining the realm…

Still unreachable

The connection could not be restored.

Session expired

The server has moved on; the page needs a fresh start.